 Dungeon Crawl Stone Soup version 0.31.0-32-g396128a36d (webtiles) character file.

Game seed: 7921742257026070205

21 Alphaeus the Trooper (level 3, 27/30 HPs)
             Began as a Djinni Berserker on Mar 20, 2024.
             Was a Follower of Trog (penitent).
             Quit the game on level 1 of the Dungeon.
             The game lasted 00:00:48 (812 turns).

Alphaeus the Trooper (Djinni Berserker)              Turns: 812, Time: 00:00:48

Health: 27/30      AC:  2    Str: 18    XL:     3   Next: 2%
Gold:   90         EV: 12    Int:  8    God:    Trog [*.....] SH:  0 Dex: 12

rFire   + + .        a - +0 falchion
rCold   x . .        (no shield)
rNeg    . . .        b - +0 animal skin
rPois   ∞            (no helmet)
rElec   .            (no cloak)
rCorr   .            (no gloves)
SInv    .            (boots unavailable)
Will    .....        (no amulet)
Stlth   +            (no ring)
HPRegen 0.25/turn    (no ring)
MPRegen 0.00/turn

%: no passive effects
@: flying
A: sickness immunity, fire resistance 2, cold vulnerability 1, float, innate
caster, HP casting, extra vitality 1
a: Renounce Religion


You were on level 1 of the Dungeon.
You worshipped Trog.
Trog was demanding penance.
You visited 1 branch of the dungeon, and saw 1 of its levels.

You collected 90 gold pieces.

Inventory:

Hand Weapons
 a - a +0 falchion (weapon)
Armour
 b - a +0 animal skin (worn)
Jewellery
 d - a ring of ice
Scrolls
 c - a scroll of blinking {unknown}
 e - a scroll of identify {unknown}


   Skills:
 + Level 3.2 Fighting
 + Level 2.9 Long Blades
 + Level 2.3 Armour
 + Level 2.6 Dodging


You knew the following spells:

 Your Spells              Type           Power      Damage    Failure   Level
a - Sandblast             Erth           0%         2d4       41%         1
Your spell library was empty.

Dungeon Overview and Level Annotations

Branches:
Dungeon (1/15)

Altars:


Innate Abilities, Weirdness & Mutations

You are immune to sickness and miasma.
You are immune to poison.
Your flesh is very heat resistant. (rF++)
You are vulnerable to cold. (rC-)
You float through the air rather than walking.
You learn spells naturally, not from books.
Your magical power is your life essence.
You have superior vitality. (+4 MHP)


Message History

The kobold shouts!
The kobold hits you but does no damage.
You barely miss the kobold. The kobold hits you with a +0 dagger.
You closely miss the kobold. The kobold barely misses you.
You closely miss the kobold. The kobold barely misses you.
You hit the kobold.
The kobold is moderately wounded.
The kobold hits you but does no damage.
You hit the kobold but do no damage.
The kobold is moderately wounded.
The kobold hits you but does no damage. The kobold misses you.
You hit the kobold.
The kobold is heavily wounded.
The kobold barely misses you.
You hit the kobold.
You kill the kobold!
Trog accepts your kill. The bat hits you.
You have reached level 3!
Your experience leads to an increase in your attributes!
Increase (S)trength, (I)ntelligence, or (D)exterity?
You feel stronger. x2
The power to cast Sandblast wells up from within.
Spell assigned to 'a'.
A bat is nearby!
Casting: Sandblast (safe; 41% risk of failure)
Confirm with . or Enter, or press ? or * to list all spells.
Okay, then.
Unknown command.
Casting: Sandblast (safe; 41% risk of failure)
Confirm with . or Enter, or press ? or * to list all spells.
Aiming: Sandblast (safe; 41% risk of failure)
Press: ? - help, Shift-Dir - straight line, f - bat
Aim: a bat (71% to hit)
The blast of sand hits the bat.
You kill the bat!
Trog accepts your kill.
You feel a little guilty. "You will pay for your transgression, mortal!"
Are you sure you want to abandon this character and quit the game? (Confirm with "yes".)

#.####### #.......#
#.#####.# #.#####.#
#######.#...#.#
#.......#.#.#.#
#.#.......#.#.#
#.#.#.)...#.#.########
##.#.#.###.#.#..@)....#
##.#.#.# #.#.##########
##.#[#.# #......
##.....#####.#.#
####.........#.. #
#..#####..#.# # #..#
#....#.# ####..#
#.#.##.#
.)....###.#.##.#


There were no monsters in sight!

Vanquished Creatures
  An endoplasm (D:1)
  2 giant cockroaches (D:1)
  5 goblins (D:1)
  3 hobgoblins (D:1)
  2 kobolds (D:1)
  A ball python (D:1)
  A bat (D:1)
  A frilled lizard (D:1)
  A rat (D:1)
17 creatures vanquished.

Notes
Turn   | Place    | Note
-------+----------+-------------------------------------------
     0 | D:1      | Alphaeus the Djinni Berserker began the quest for the Orb.
     0 | D:1      | Reached XP level 1. HP: 20/20 MP: 0/0
   174 | D:1      | Reached XP level 2. HP: 20/25 MP: 0/0
   811 | D:1      | Reached XP level 3. HP: 28/30 MP: 0/0
   811 | D:1      | Learned a level 1 spell: Sandblast
   811 | D:1      | Was placed under penance by Trog
   812 | D:1      | Quit the game

Illustrated notes

Levels and vault maps discovered:
D:1:      minmay_arrival_nine_rooms, layout_basic, minmay_misc_feat_encased

Action                     || total
---------------------------++-------
  Melee: Falchion          ||    65
         Punch             ||     1
   Cast: Sandblast         ||     1
 Armour: Animal skin       ||    40
  Dodge: Dodged            ||    36
